 Dungeon Crawl Stone Soup version 0.22-a0-803-gd6d8abe (webtiles) character file.

76 seren the Covered (level 4, -6/34 HPs)
             Began as a Human Wanderer on July 22, 2018.
             Mangled by a gnoll
             ... wielding a +0 halberd
              (7 damage)
             ... on level 1 of the Dungeon.
             The game lasted 00:06:15 (2334 turns).

seren the Covered (Human Wanderer)                  Turns: 2334, Time: 00:06:16

Health: -6/34      AC:  2    Str: 11 (14) XL:     4   Next: 57%
Magic:  4/4        EV: 12    Int: 10 (11) God:
Gold:   34         SH:  0    Dex: 12 (13) Spells: 3/3 levels left

rFire    + . .     SeeInvis .   a - +2 mace
rCold    . . .     Gourm    .   (no shield)
rNeg     . . .     Faith    .   e - +0 robe
rPois    .         Spirit   .   (no helmet)
rElec    .         Reflect  .   (no cloak)
rCorr    .         Harm     .   (no gloves)
MR       .....                  (no boots)
Stlth    +.........             (no amulet)
HPRegen  0.11/turn              (no ring)
MPRegen  0.09/turn              (no ring)

@: about to teleport
A: fire resistance 1, sense surroundings 1
a: no special abilities


You were on level 1 of the Dungeon.
You were very hungry.

You visited 1 branch of the dungeon, and saw 2 of its levels.

You collected 34 gold pieces.

Inventory:

Hand Weapons
 a - a +2 mace (weapon)
 b - a +0 shortbow
 g - a +0 dagger
 s - a +0 whip
Missiles
 c - 72 arrows
 i - 53 stones (quivered)
 j - 11 poisoned needles
 m - 23 sling bullets
Armour
 e - a +0 robe (worn)
Jewellery
 o - a +1 ring of slaying {unknown}
Scrolls
 d - 3 scrolls of teleportation {!r}
 h - a scroll of remove curse {unknown}
 l - a scroll of blinking {unknown}
 q - a scroll of identify {unknown}
Potions
 k - a potion of curing
Comestibles
 f - 3 rations


   Skills:
 + Level 2.7 Fighting
 * Level 3.4 Maces & Flails
 - Level 4.0 Armour
 + Level 1.6 Dodging
   Level 1.0 Shields
   Level 1.0 Evocations


You had 3 spell levels left.
You didn't know any spells.
Your spell library was empty.

Dungeon Overview and Level Annotations

Branches:
Dungeon (2/15)

Altars:


Innate Abilities, Weirdness & Mutations

Your flesh is heat resistant. (rF+)
You passively map a small area around you.


Message History

You hit the gnoll.
The gnoll is moderately wounded.
The gnoll barely misses you.
You barely miss the gnoll.
The gnoll is moderately wounded.
The gnoll hits you with a halberd.
* * * LOW HITPOINT WARNING * * *
You hit the gnoll.
The gnoll is severely wounded.
The gnoll hits you with a halberd!
* * * LOW HITPOINT WARNING * * *
It was a potion of mutation.
You feel extremely strange.
You feel a strange attunement to the structure of the dungeons.
You feel resistant to heat. The gnoll hits you with a halberd.
* * * LOW HITPOINT WARNING * * *
Really read
d - 4 scrolls of teleportation {!r}?
As you read the scroll of teleportation {!r}, it crumbles to dust.
You feel strangely unstable. The gnoll hits you with a halberd!
You die...

######..##..........#
....###..##.........#
....# ##..#.........#
....# ##....)..)...#
....# ###.........#
##### #.........#
#.........#
#.........#
##....@..## ##...g.##
#######


You could see a gnoll.

Vanquished Creatures
  2 adders (D:2)
  2 gnolls
  An ooze (D:2)
  A dart slug (D:1)
  2 giant cockroaches
  6 goblins
  2 hobgoblins
  5 kobolds
  A quokka (D:2)
  4 bats
  4 frilled lizards (D:1)
  7 rats
37 creatures vanquished.

Notes
Turn   | Place    | Note
-------+----------+-------------------------------------------
     0 | D:1      | seren the Human Wanderer began the quest for the Orb.
     0 | D:1      | seren set off with: a +2 mace, a +0 shortbow, 28 arrows, a scroll of teleportation {!r}, a +0 robe, a ration
     0 | D:1      | Reached XP level 1. HP: 16/16 MP: 1/1
     2 | D:1      | Noticed a demonspawn
     3 | D:1      | Noticed a dwarf
     5 | D:1      | Noticed a felid
     5 | D:1      | Noticed a demigod
     7 | D:1      | Noticed a vine stalker
     7 | D:1      | Noticed a tengu
     9 | D:1      | Noticed an ogre
    11 | D:1      | Noticed a naga
    11 | D:1      | Noticed a vampire
    13 | D:1      | Noticed a human
    13 | D:1      | Noticed a ghoul
    16 | D:1      | Noticed a troll
    16 | D:1      | Noticed an elf
    18 | D:1      | Noticed an octopode
    20 | D:1      | Noticed a spriggan
    20 | D:1      | Noticed a halfling
    22 | D:1      | Noticed a minotaur
    22 | D:1      | Noticed a gargoyle
    26 | D:1      | Noticed a formicid
    26 | D:1      | Noticed a centaur
    28 | D:1      | Noticed a merfolk
    28 | D:1      | Noticed a draconian
   146 | D:1      | Reached XP level 2. HP: 22/22 MP: 2/2
   656 | D:1      | Reached XP level 3. HP: 22/27 MP: 3/3
   663 | D:1      | Reached skill level 1 in Dodging
  1436 | D:2      | Reached XP level 4. HP: 24/34 MP: 4/4
  2333 | D:1      | Gained mutation: You passively map a small area around you. [potion of mutation]
  2333 | D:1      | Gained mutation: Your flesh is heat resistant. (rF+) [potion of mutation]
  2333 | D:1      | HP: 1/34 [gnoll/halberd (6)]
  2334 | D:1      | Mangled by a gnoll

Vault maps used:
D:1:      kb_arrival_jail
D:2:      lemuel_round_altar

Skill      XL: |  1  2  3 |
---------------+----------+-----
Dodging        | 1 |  1.6
Maces & Flails | 3 |  3.4
Fighting       | |  2.7
Armour         | |  4.0
Shields        | |  1.0
Evocations     | |  1.0

Action                   |  1- 3 |  4- 6 || total
-------------------------+-------+-------++-------
Melee: Mace              |    89 |    19 ||   108
  Use: Potion            |     1 |     2 ||     3
       Scroll            |       |     1 ||     1
 Stab: Sleeping          |     3 |       ||     3
  Eat: Chunk             |     2 |     1 ||     3
Armor: Robe              |    11 |       ||    11
Dodge: Dodged            |    55 |    15 ||    70

Table legend:
 A = Spawn XP
 B = Non-spawn XP
 C = Spawn XP percentage of total XP
 D = Spawn monster count
 E = Non-spawn monster count
 F = Spawn count percentage of total count
 G = Total turns spent on level
                    A         B        C        D         E        F      G
               +---------+---------+-------+---------+---------+-------+---------
         Total |       0 |     109 |   0.0 |       0 |      37 |   0.0 |  2334
               +---------+---------+-------+---------+---------+-------+---------
           D:1 |       0 |      47 |   0.0 |       0 |      24 |   0.0 |  1333
           D:2 |       0 |      62 |   0.0 |       0 |      13 |   0.0 |  1001
               +---------+---------+-------+---------+---------+-------+---------
